 Dungeon Crawl Stone Soup version 0.19.0-20-gbc5f0c6 (webtiles) character file.

179 Chiseanne the Bolt Thrower (level 5, 0/31 HPs)
             Began as a Deep Elf Hunter on Nov 17, 2016.
             Slain by an adder (4 damage)
             ... on level 3 of the Dungeon.
             The game lasted 00:03:25 (1562 turns).

Chiseanne the Bolt Thrower (Deep Elf Hunter)        Turns: 1562, Time: 00:03:26

Health: 0/31       AC:  3    Str:  8 (9)  XL:     5   Next: 33%
Magic:  7/7        EV: 13    Int: 15 (16) God:
Gold:   124        SH:  0    Dex: 15 (16) Spells: 0 memorised, 4 levels left

rFire  . . .     SeeInvis .     w - +1 hand crossbow
rCold  . . .     Gourm    +     c - +0 leather armour
rNeg   . . .     Faith    .     (no shield)
rPois  .         Spirit   .     (no helmet)
rElec  .         Reflect  .     (no cloak)
rCorr  .         Harm     .     (no gloves)
MR     .....                    (no boots)
Stlth  ++........               g - amulet of the gourmand (curse)
                                (no ring)
                                (no ring)

@: lethally poisoned (0 -> -5)
A: no striking features
a: no special abilities


You were on level 3 of the Dungeon.
You were not hungry.

You visited 1 branch of the dungeon, and saw 3 of its levels.

You collected 124 gold pieces.

Inventory:

Hand Weapons
 a - a +0 short sword
 w - a +1 hand crossbow (weapon)
Missiles
 b - 41 arrows
 d - 33 bolts (quivered)
 e - 91 stones
 o - 8 javelins
Armour
 c - a +0 leather armour (worn)
Jewellery
 g - a cursed amulet of the gourmand (around neck)
Scrolls
 l - a scroll of teleportation
Potions
 h - a potion of degeneration
 i - 3 potions of curing {unknown}
 j - 2 potions of berserk rage {unknown}
 m - a potion of heal wounds {unknown}
 n - 2 potions of cancellation {unknown}
 r - a potion of haste {unknown}
 s - a potion of might {unknown}
Comestibles
 f - 2 bread rations
 k - 2 meat rations
 p - 5 fruits
 q - a beef jerky


   Skills:
 + Level 2.7 Fighting
 * Level 4.8 Crossbows
 + Level 4.0 Dodging
 - Level 1.2 Stealth


You had 4 spell levels left.
You didn't know any spells.

Dungeon Overview and Level Annotations

Branches:
Dungeon (3/15)

Altars:
Nemelex Xobeh
Ru


Message History

Firing (i - inventory. (,) - cycle):
d - 35 bolts (quivered)
Press: ? - help, Shift-Dir - straight line, f/p - adder
Aim: an adder (heavily wounded)
You shoot a bolt. The bolt closely misses the adder.
* * * LOW HITPOINT WARNING * * *
You feel sick. The adder misses you.
Firing (i - inventory. (,) - cycle):
d - 34 bolts (quivered)
Press: ? - help, Shift-Dir - straight line, f/p - adder
Aim: an adder (heavily wounded)
You shoot a bolt. The bolt misses the adder.
* * * LOW HITPOINT WARNING * * *
You feel sick. The adder bites you.
* * * LOW HITPOINT WARNING * * *
The adder bites you.
* * * LOW HITPOINT WARNING * * *
It was a potion of degeneration.
There was something very wrong with that liquid.
You feel weakened.
You feel dopey.
You feel clumsy. The adder bites you.
You die...

.. ##⌠.⌠##
##........ .. #..##
###.#.#.... (. .?##
#.....# ... (. ..##
##.##.## ## .w. #..
#.# ..(. #.# #.#
..#(# #.# #.#
....(########.###.##
.....w...(....(S@..#
...##...#....#######
###.#.<..# #.....##
##....# ##...# #...#
#...# #####


You could see an adder.

Vanquished Creatures
  The ghost of Chiseanne the Bolt Thrower, an amateur DEHu (D:3)
  2 adders
  A worm (D:2)
  3 dart slugs
  A leopard gecko (D:1)
  5 giant cockroaches
  2 goblins
  10 hobgoblins
  4 kobolds
  A ball python (D:2)
  6 bats
  2 frilled lizards
  6 rats
44 creatures vanquished.

Notes
Turn   | Place    | Note
-------+----------+-------------------------------------------
     0 | D:1      | Chiseanne the Deep Elf Hunter began the quest for the Orb.
     0 | D:1      | Reached XP level 1. HP: 12/12 MP: 3/3
   240 | D:1      | Reached XP level 2. HP: 16/17 MP: 4/4
   673 | D:2      | Found a sacrificial altar of Ru.
   728 | D:2      | Reached XP level 3. HP: 21/21 MP: 5/5
  1470 | D:3      | Found a sparkling altar of Nemelex Xobeh.
  1527 | D:3      | Noticed Chiseanne's ghost (amateur DEHu)
  1547 | D:3      | Reached XP level 4. HP: 17/26 MP: 6/6
  1552 | D:3      | Killed Chiseanne's ghost
  1552 | D:3      | Reached XP level 5. HP: 17/31 MP: 7/7
  1562 | D:3      | Slain by an adder

Skill      XL: |  1  2  3  4 |
---------------+-------------+-----
Dodging        | 3 4 |  4.0
Crossbows      | 4 |  4.8
Fighting       | 2 |  2.7
Stealth        | |  1.2

Action                   |  1- 3 |  4- 6 || total
-------------------------+-------+-------++-------
Melee: Short sword       |     1 |       ||     1
 Fire: Hand crossbow     |    71 |    14 ||    85
  Use: Scroll            |     2 |       ||     2
       Potion            |       |     1 ||     1
  Eat: Chunk             |     2 |       ||     2
Armor: Leather armour    |     2 |     4 ||     6
Dodge: Dodged            |     8 |    13 ||    21
